Map: Shipwrecked LE

Players

Serif

  • Race: Protoss Protoss
  • Spawn Location: 5:00

chengzi

  • Race: Protoss Protoss
  • Spawn Location: 3:00

HimarsShowUA

  • Race: Terran Terran
  • Spawn Location: 5:00

MrBingo

  • Race: Protoss Protoss
  • Spawn Location: 6:00

Danger - Winner!

  • Race: Protoss Protoss
  • Spawn Location: 11:00

LadderHero - Winner!

  • Race: Terran Terran
  • Spawn Location: 12:00

Ravi - Winner!

  • Race: Zerg Zerg
  • Spawn Location: 9:00

TriangleTom - Winner!

  • Race: Protoss Protoss
  • League: Diamond
  • Spawn Location: 9:00

VOD

Have the link to the VOD?

Description

All my replays.

Time

  • Played on: Feb. 9, 2023, 12:12 p.m.
  • Length: 13:33
Show
View Real Time Build Order
Export as new Build Order

Serif Protoss 

Build Orders: Nexus First 

Get SALT Encoding   

  12  0:00  Probe  
  13  0:12  Probe  
  14  0:24  Pylon  
  14  0:25  Probe  
  15  0:55  Nexus  
  15  1:11  Forge, Probe (Chrono Boost)  
  16  1:20  Probe (Chrono Boost)  
  17  1:25  Probe (Chrono Boost)  
  18  1:37  Probe (Chrono Boost)  
  19  1:42  Pylon, Probe (Chrono Boost)  
  20  1:47  Photon Cannon  
  20  1:53  Photon Cannon  
  20  2:04  Photon Cannon  
  20  2:06  Probe (Chrono Boost)  
  21  2:11  Probe (Chrono Boost)  
  22  2:18  Probe (Chrono Boost)  
  22  2:21  Probe (Chrono Boost)  
  24  2:25  Probe (Chrono Boost)  
  25  2:31  Probe  
  25  2:33  Gateway  
  26  2:50  Probe x2  
  28  2:54  Assimilator  
  28  2:58  Assimilator  
  28  3:01  Pylon  
  28  3:02  Probe  
  28  3:03  Probe  
  30  3:11  Assimilator  
  30  3:14  Probe (Chrono Boost)  
  30  3:15  Assimilator  
  30  3:17  Pylon, Probe (Chrono Boost)  
  32  3:24  Cybernetics Core  
  32  3:27  Pylon, Probe (Chrono Boost)  
  33  3:29  Probe (Chrono Boost)  
  35  3:35  Photon Cannon, Probe (Chrono Boost)  
  35  3:37  Probe (Chrono Boost)  
  37  3:42  Probe x2 (Chrono Boost)  
  37  3:48  Photon Cannon  
  38  3:53  Photon Cannon, Probe x2  
  40  4:04  Stargate  
  40  4:05  Probe x2  
  40  4:09  Stargate  
  42  4:15  Stargate  
  42  4:17  Probe  
  43  4:45  Nexus  
  43  4:46  Pylon  
  43  4:48  Phoenix  
  43  4:52  Phoenix  
  47  4:59  Phoenix  
  49  5:07  Photon Cannon  
  49  5:08  Photon Cannon  
  49  5:09  Photon Cannon  
  49  5:11  Photon Cannon  
  49  5:13  Phoenix, Protoss Air Weapons Level 1 (Chrono Boost)  
  51  5:16  Shield Battery  
  51  5:19  Shield Battery  
  51  5:25  Shield Battery  
  51  5:29  Pylon, Phoenix  
  51  5:32  Pylon  
  53  5:37  Pylon  
  51  5:53  Probe x2  
  51  5:54  Photon Cannon  
  51  5:55  Shield Battery  
  53  6:00  Phoenix (Chrono Boost)  
  53  6:01  Phoenix x2 (Chrono Boost)  
  59  6:05  Probe x2  
  59  6:07  Stargate  
  59  6:09  Stargate  
  61  6:12  Assimilator  
  61  6:17  Probe  
  62  6:23  Phoenix x2 (Chrono Boost)  
  65  6:29  Probe x3  
  68  6:34  Phoenix (Chrono Boost)  
  70  6:41  Probe x2  
  70  6:42  Probe  
  71  6:52  Assimilator  
  71  6:53  Probe x2  
  71  6:54  Probe  
  74  6:58  Oracle, Phoenix  
  79  7:05  Probe x2  
  79  7:06  Probe  
  82  7:10  Twilight Council  
  82  7:17  Probe  
  81  7:31  Phoenix x4 (Chrono Boost)  
  89  7:44  Phoenix (Chrono Boost)  
  91  7:53  Phoenix (Chrono Boost)  
  93  8:07  Protoss Air Armor Level 1  
  93  8:20  Pylon  
  93  8:21  Pylon  
  88  8:47  Phoenix x2 (Chrono Boost)  
  74  8:59  Photon Cannon  
  74  9:00  Photon Cannon  
  74  9:01  Shield Battery, Phoenix (Chrono Boost)  
  80  9:08  Phoenix (Chrono Boost)  
  80  9:09  Phoenix x3 (Chrono Boost)  
  84  9:17  Phoenix (Chrono Boost)  
  86  9:26  Phoenix x2  
  86  9:27  Phoenix  
  92  9:39  Phoenix  
  92  9:41  Phoenix  
  96  9:51  Phoenix x3  
  102  9:59  Protoss Shields Level 1 (Chrono Boost)  
  102  10:04  Phoenix  
  102  10:06  Phoenix  
  106  10:16  Phoenix  
  84  11:06  Fleet Beacon  
  84  11:10  Stargate, Cybernetics Core  
  84  11:12  Pylon  
  84  11:19  Shield Battery, Photon Cannon, Phoenix x4  
  84  11:21  Pylon  
  84  11:23  Phoenix  
  74  11:44  Phoenix (Chrono Boost)  
  74  11:45  Phoenix (Chrono Boost)  
  66  11:49  Phoenix (Chrono Boost)  
  60  11:57  Phoenix x2 (Chrono Boost)  
  60  11:58  Phoenix (Chrono Boost)  
  64  12:06  Phoenix x2 (Chrono Boost)  
  68  12:11  Phoenix (Chrono Boost)  
  68  12:13  Phoenix x2 (Chrono Boost)  
  74  12:19  Phoenix  
Show
View Real Time Build Order
Export as new Build Order

chengzi Protoss 

Build Orders: Double Forge, Oracle Opening 

Get SALT Encoding   

  12  0:01  Probe  
  13  0:13  Probe  
  14  0:18  Pylon  
  14  0:25  Probe  
  15  0:33  Assimilator  
  15  0:37  Probe  
  16  0:48  Gateway  
  16  0:53  Probe (Chrono Boost)  
  17  1:00  Assimilator  
  17  1:03  Probe (Chrono Boost)  
  18  1:08  Probe (Chrono Boost)  
  19  1:20  Probe (Chrono Boost)  
  20  1:32  Probe (Chrono Boost)  
  21  1:39  Probe (Chrono Boost)  
  22  1:40  Cybernetics Core  
  22  1:42  Pylon  
  22  1:46  Probe  
  22  1:49  Pylon  
  23  2:00  Probe  
  24  2:16  Stargate, Adept (Chrono Boost)  
  26  2:25  Probe  
  27  2:39  Adept  
  29  2:51  Nexus  
  29  3:05  Pylon  
  29  3:21  Oracle (Chrono Boost)  
  32  3:34  Probe  
  32  3:39  Warp Gate  
  33  3:42  Twilight Council  
  33  3:46  Probe  
  32  4:09  Probe  
  31  4:11  Pylon  
  31  4:13  Probe  
  31  4:16  Blink (Chrono Boost)  
  32  4:17  Forge  
  32  4:18  Forge  
  32  4:31  Probe (Chrono Boost)  
  31  4:35  Shield Battery  
  31  4:36  Probe (Chrono Boost)  
  31  4:38  Gateway  
  31  4:40  Gateway  
  31  4:41  Probe (Chrono Boost)  
  31  4:44  Probe (Chrono Boost)  
  33  4:45  Probe (Chrono Boost)  
  34  4:55  Protoss Ground Armor Level 1 (Chrono Boost)  
  34  4:56  Probe (Chrono Boost)  
  35  5:01  Probe (Chrono Boost)  
  35  5:05  Protoss Ground Weapons Level 1 (Chrono Boost)  
  36  5:12  Probe (Chrono Boost)  
  36  5:13  Probe (Chrono Boost)  
  38  5:17  Probe (Chrono Boost)  
  38  5:19  Pylon, Probe  
  40  5:26  Pylon  
  40  5:32  Probe  
  40  5:35  Assimilator  
  41  5:37  Pylon, Stalker x3  
  47  5:57  Pylon  
  47  6:03  Probe  
  48  6:06  Stalker x2  
  52  6:13  Gateway, Nexus  
  52  6:16  Stalker  
  54  6:47  Stalker x3  
  54  6:49  Probe  
  61  6:57  Charge  
  61  6:58  Gateway  
  61  7:00  Gateway  
  55  7:03  Gateway  
  55  7:05  Pylon  
  55  7:08  Protoss Ground Armor Level 2 (Chrono Boost), Protoss Ground Weapons Level 2 (Chrono Boost)  
  55  7:19  Probe  
  56  7:26  Probe x2  
  58  7:31  Templar Archives, Probe  
  58  7:34  Assimilator  
  59  7:38  Probe x2  
  59  7:39  Pylon  
  59  7:41  Pylon  
  59  7:43  Probe  
  50  8:06  Probe x2  
  50  8:07  Probe  
  50  8:08  Gateway  
  50  8:10  Gateway  
  50  8:12  Gateway x2  
  53  8:14  Pylon  
  53  8:18  Psionic Storm  
  53  8:20  High Templar  
  53  8:21  High Templar x2  
  53  8:22  High Templar, Zealot x2  
  53  8:23  Zealot  
  53  8:26  Shield Battery  
  67  8:28  Assimilator, Probe  
  67  8:32  Assimilator  
  59  8:36  Archon  
  50  8:44  Stalker x3  
  53  8:54  Stalker  
  53  8:55  Stalker x2  
  44  9:25  High Templar x2  
  44  9:26  Zealot  
  44  9:27  Zealot x4  
  44  9:28  Zealot x3  
  64  9:39  Archon  
  64  9:43  Protoss Ground Weapons Level 3  
  64  9:46  Zealot  
  66  10:01  Stalker x2  
  66  10:02  Stalker  
  66  10:03  Zealot x2  
  66  10:27  Stalker x4  
  66  10:28  Stalker  
  62  11:25  High Templar x3, Assimilator x2, Nexus  
  66  11:27  Zealot  
  66  11:28  Pylon, Zealot  
  72  11:42  Archon  
  72  11:45  Robotics Facility  
  68  11:51  Stalker x2  
  44  12:19  High Templar x3  
  44  12:20  Zealot x2  
  44  12:21  Zealot x2  
  58  12:24  Assimilator  
  58  12:35  Observer  
  59  12:46  Zealot x4  
Show
View Real Time Build Order
Export as new Build Order

HimarsShowUA Terran 

Build Orders:  

Get SALT Encoding   

  12  0:00  SCV  
  13  0:12  SCV  
  14  0:22  Supply Depot  
  14  0:24  SCV  
  15  0:43  SCV  
  15  0:45  Barracks  
  16  0:55  SCV  
  17  0:57  Refinery  
  17  1:09  SCV  
  18  1:21  SCV  
  19  1:32  Supply Depot  
  19  1:33  Marine  
  19  1:35  Orbital Command  
  20  1:54  Command Center  
  20  1:57  Barracks Tech Lab  
  20  2:03  SCV  
  21  2:14  Factory  
  21  2:15  SCV  
  22  2:17  Marine  
  23  2:26  Refinery  
  23  2:27  SCV  
  24  2:35  Marine  
  25  2:39  SCV  
  25  2:40  Barracks  
  26  2:51  SCV  
  26  2:56  Supply Depot  
  26  2:57  Factory Tech Lab  
  27  3:03  Engineering Bay  
  27  3:04  SCV  
  28  3:07  Marine  
  29  3:14  Orbital Command  
  29  3:23  Siege Tank  
  29  3:26  Barracks Reactor  
  32  3:38  Combat Shield  
  32  3:40  SCV  
  32  3:41  SCV, Missile Turret  
  34  3:47  Terran Infantry Weapons Level 1  
  34  3:50  Marine  
  34  3:55  SCV x2  
  37  4:07  SCV x2  
  39  4:10  Marine  
  39  4:11  Marine x2  
  39  4:13  Siege Tank  
  45  4:19  SCV x2  
  45  4:20  Supply Depot  
  47  4:28  Missile Turret  
  47  4:33  Factory  
  47  4:38  Missile Turret  
  47  4:39  Marine x3  
  47  4:44  Supply Depot  
  47  4:45  SCV x2  
  52  4:56  Siege Tank  
  52  4:57  SCV x2  
  57  5:00  Marine x3  
  57  5:05  Supply Depot  
  60  5:09  SCV x2  
  62  5:17  Command Center  
  62  5:21  Stimpack  
  62  5:24  SCV x2  
  62  5:27  Factory Reactor  
  64  5:31  Refinery  
  64  5:33  Refinery  
  64  5:36  SCV  
  63  5:52  Marine x3  
  63  5:55  Siege Tank  
  69  6:03  SCV x2  
  69  6:04  Starport  
  71  6:13  Supply Depot  
  71  6:16  Engineering Bay  
  71  6:22  Marine  
  71  6:23  Marine x2  
  74  6:27  Widow Mine x2  
  78  6:33  Armory  
  78  6:35  Supply Depot  
  78  6:52  Terran Infantry Armor Level 1  
  78  6:53  Neosteel Armor  
  78  7:00  Concussive Shells  
  78  7:01  Command Center  
  78  7:02  Siege Tank  
  78  7:04  Marine  
  78  7:05  Marine x2  
  84  7:22  Marine  
  73  7:30  Marine x2  
  73  7:34  SCV  
  73  7:35  SCV  
  77  7:40  Marine, Planetary Fortress  
  77  7:44  Siege Tank  
  81  7:45  Widow Mine x2  
  81  7:46  SCV  
  81  7:47  SCV  
  81  7:48  Marine x2  
  89  7:58  Marine, SCV  
  90  7:59  SCV  
  87  8:06  Marine x2  
  87  8:10  Widow Mine x2  
  75  8:16  Marine, Siege Tank  
  75  8:18  Factory, Barracks  
  79  8:20  SCV x2  
  79  8:24  Planetary Fortress  
  81  8:32  SCV  
  81  8:33  SCV  
  83  8:39  Marine  
  83  8:40  Marine x2  
  83  8:43  Widow Mine x2  
  83  8:44  SCV  
  83  8:45  SCV  
  83  8:46  Terran Infantry Weapons Level 2  
  89  8:48  Terran Infantry Armor Level 2  
  79  8:56  Widow Mine  
  79  8:57  Marine  
  79  8:58  Marine x2  
  79  9:04  Barracks, Widow Mine  
  80  9:14  Widow Mine  
  80  9:15  Marine x2  
  80  9:16  Marine  
  85  9:17  Factory Tech Lab  
  85  9:18  Siege Tank  
  85  9:19  Barracks Reactor  
  85  9:22  SCV x4  
  92  9:33  Marine x2  
  92  9:34  Marine, SCV x3  
  92  9:35  SCV  
  95  9:51  Marine x2  
  95  9:52  Marine, Widow Mine x3  
  97  9:53  Thor  
  97  9:55  Barracks Reactor  
  97  9:59  Missile Turret  
  100  10:02  Missile Turret  
  100  10:07  Missile Turret  
  100  10:09  Marine x2  
  97  10:20  Widow Mine  
  97  10:21  Widow Mine x2  
  97  10:22  Marine x3  
  97  10:26  Marine  
  97  10:27  Marine, Missile Turret  
  97  10:36  Widow Mine  
  97  10:39  Marine  
  97  10:40  Marine x2  
  96  10:44  Marine x2  
  96  10:45  Missile Turret  
  98  10:57  Marine  
  98  10:58  Marine  
  100  11:09  Thor  
  100  11:11  Command Center, Widow Mine  
  108  11:20  Command Center  
  106  11:32  Marine x3  
  109  11:41  Supply Depot x2  
  109  11:43  Supply Depot  
  109  11:46  Marine  
  109  11:47  Supply Depot  
  109  11:53  Marine  
  108  11:58  Thor  
  106  12:01  Marine x2  
  106  12:02  Marine x3  
  106  12:04  Marine, Thor, Widow Mine x2  
  117  12:21  SCV x2  
  117  12:22  SCV  
  120  12:27  Planetary Fortress  
  120  12:31  Missile Turret  
  120  12:33  SCV, Missile Turret  
  120  12:34  SCV  
  120  12:36  Widow Mine x2  
  126  12:37  Marine x3  
  126  12:38  Marine  
  126  12:40  Marine  
  126  12:41  Siege Tank  
  134  12:47  Siege Tank  
  135  12:54  Marine x2  
  135  12:59  Marine x2  
  135  13:00  Marine x3  
  133  13:12  Marine x2  
Show
View Real Time Build Order
Export as new Build Order

MrBingo Protoss 

Build Orders: Blink Stalkers 

Get SALT Encoding   

  12  0:01  Probe  
  13  0:13  Probe  
  14  0:21  Pylon  
  14  0:26  Probe  
  15  0:39  Probe (Chrono Boost)  
  16  0:43  Gateway  
  17  0:51  Probe (Chrono Boost)  
  17  0:57  Probe (Chrono Boost)  
  17  0:58  Assimilator  
  18  1:09  Probe  
  19  1:14  Pylon  
  19  1:25  Probe  
  20  1:33  Cybernetics Core  
  20  1:59  Pylon, Nexus  
  20  2:10  Assimilator, Stalker  
  20  2:14  Warp Gate  
  22  2:24  Probe  
  23  2:31  Gateway  
  23  2:36  Probe  
  24  2:45  Twilight Council  
  24  2:48  Probe  
  25  2:53  Stalker  
  27  3:07  Probe  
  27  3:10  Gateway  
  27  3:12  Probe  
  29  3:19  Probe  
  30  3:20  Blink (Chrono Boost)  
  30  3:24  Probe  
  31  3:36  Stalker  
  31  3:40  Stalker  
  35  3:44  Probe  
  35  3:46  Probe  
  37  3:56  Probe  
  37  3:58  Probe  
  39  4:02  Forge  
  39  4:08  Pylon, Probe  
  40  4:18  Stalker  
  40  4:19  Stalker  
  44  4:27  Probe x2  
  44  4:29  Protoss Ground Weapons Level 1 (Chrono Boost)  
  46  4:35  Pylon  
  46  4:45  Probe x2  
  48  5:11  Probe x2  
  48  5:13  Assimilator  
  46  5:17  Assimilator  
  46  5:20  Templar Archives  
  46  5:22  Gateway  
  46  5:23  Probe  
  46  5:24  Gateway x3  
  46  5:27  Photon Cannon  
  47  5:29  Photon Cannon  
  47  5:37  Stalker  
  47  5:39  Stalker  
  51  5:53  Charge  
  51  6:04  Probe x2  
  52  6:16  Probe  
  52  6:18  Stalker x4  
  55  6:34  Stalker x3  
  61  7:07  Nexus  
  55  7:11  Pylon x2  
  47  7:16  Probe x2  
  47  7:19  Stalker x6  
  55  7:25  Protoss Ground Armor Level 1 (Chrono Boost)  
  55  7:35  Probe x2  
  57  7:44  Stalker x3  
  61  7:49  Stalker  
  65  7:55  Photon Cannon  
  65  7:58  Shield Battery  
  65  8:05  Stalker x2  
  69  8:08  Probe x2  
  71  8:18  High Templar x2  
  75  8:22  Probe x2  
  75  8:23  Archon  
  77  8:33  Stalker x2  
  81  8:34  High Templar  
  81  8:35  High Templar  
  81  8:38  Archon  
  85  8:49  Stalker  
  85  8:51  Probe x3  
  90  9:01  Pylon  
  90  9:02  Pylon  
  88  9:13  Stalker x3  
  83  9:26  Stalker x4  
  65  9:57  Protoss Ground Weapons Level 2 (Chrono Boost)  
  51  10:01  Psionic Storm  
  51  10:03  Stalker x4  
  51  10:04  Stalker  
  59  10:07  Probe  
  59  10:08  Probe x2  
  59  10:09  Assimilator  
  59  10:13  Photon Cannon  
  62  10:15  Assimilator  
  62  10:16  Photon Cannon  
  62  10:19  Probe  
  62  10:21  Probe x2  
  65  10:23  Zealot x2  
  69  10:36  Stalker x3  
  69  10:39  Probe x2  
  77  10:49  High Templar x2  
  81  10:55  Archon  
  81  10:57  Zealot x2  
  85  11:08  Stalker x3  
  91  11:18  Probe x2  
  93  11:25  Dark Shrine  
  93  11:28  Gateway  
  93  11:33  Stalker x2  
  93  11:34  Stalker x3  
  95  11:53  High Templar  
  93  11:54  Zealot  
  95  12:21  High Templar  
  97  12:23  Stalker x5  
Show
View Real Time Build Order
Export as new Build Order

Danger Protoss - Winner!

Build Orders: Carriers, Carrier Rush 

Get SALT Encoding   

  12  0:00  Probe  
  13  0:12  Probe  
  14  0:19  Pylon  
  14  0:24  Probe  
  15  0:37  Probe (Chrono Boost)  
  15  0:41  Assimilator  
  16  0:46  Probe (Chrono Boost)  
  17  0:51  Probe  
  17  0:53  Gateway  
  18  1:03  Probe (Chrono Boost)  
  19  1:08  Assimilator  
  19  1:15  Probe (Chrono Boost)  
  19  1:18  Pylon  
  20  1:21  Probe (Chrono Boost)  
  21  1:30  Probe  
  22  1:42  Probe  
  22  1:43  Cybernetics Core  
  23  1:54  Probe  
  23  1:55  Zealot (Chrono Boost)  
  26  2:01  Pylon  
  26  2:20  Stargate  
  26  2:23  Stargate  
  26  2:44  Nexus  
  26  2:46  Probe  
  27  2:58  Probe  
  28  3:07  Assimilator  
  28  3:10  Probe  
  28  3:13  Assimilator  
  28  3:23  Fleet Beacon  
  28  3:27  Probe  
  29  3:39  Probe (Chrono Boost)  
  30  3:41  Pylon  
  30  3:51  Probe (Chrono Boost)  
  31  3:57  Pylon  
  31  3:58  Probe (Chrono Boost)  
  31  3:59  Probe (Chrono Boost)  
  33  4:05  Probe  
  33  4:09  Probe  
  35  4:23  Carrier  
  41  4:27  Probe (Chrono Boost)  
  41  4:29  Probe (Chrono Boost)  
  43  4:38  Probe (Chrono Boost)  
  45  4:39  Probe (Chrono Boost)  
  45  4:43  Probe (Chrono Boost)  
  45  4:45  Probe (Chrono Boost)  
  47  4:52  Probe  
  48  4:55  Probe  
  49  5:02  Carrier  
  49  5:04  Probe  
  56  5:07  Probe  
  57  5:14  Pylon  
  57  5:16  Pylon  
  63  5:35  Protoss Air Weapons Level 1  
  63  5:37  Carrier (Chrono Boost)  
  63  5:42  Probe x2  
  65  5:54  Mothership  
  65  5:55  Forge  
  73  6:11  Carrier (Chrono Boost)  
  79  6:25  Pylon  
  79  6:27  Pylon  
  79  6:29  Pylon  
  85  6:33  Carrier (Chrono Boost)  
  85  6:42  Protoss Shields Level 1  
  85  6:57  Pylon  
  85  7:00  Carrier (Chrono Boost)  
  91  7:15  Pylon  
  91  7:17  Pylon  
  97  7:37  Carrier (Chrono Boost)  
  97  7:44  Carrier (Chrono Boost)  
  103  8:19  Nexus  
  103  8:23  Assimilator  
  103  8:26  Assimilator  
  103  8:30  Pylon  
  103  8:33  Pylon  
  109  9:10  Void Ray x2 (Chrono Boost)  
  109  9:16  Probe x2  
  111  9:18  Flux Vanes  
  111  9:25  Stargate  
  111  9:28  Pylon, Probe x2  
  111  9:30  Pylon  
  113  9:36  Protoss Air Weapons Level 2 (Chrono Boost)  
  125  10:14  Void Ray  
  125  10:15  Void Ray x2  
  103  10:58  Carrier (Chrono Boost)  
  103  10:59  Carrier (Chrono Boost)  
  103  11:02  Carrier (Chrono Boost)  
  103  11:04  Mothership  
  129  11:12  Probe  
  130  11:24  Probe  
  131  11:36  Probe  
  132  11:52  Protoss Air Armor Level 1 (Chrono Boost)  
  138  12:03  Carrier (Chrono Boost)  
  138  12:04  Carrier (Chrono Boost)  
  144  12:08  Carrier (Chrono Boost)  
  150  12:49  Pylon  
  150  12:51  Pylon  
  150  12:53  Pylon  
  168  13:17  Twilight Council  
Show
View Real Time Build Order
Export as new Build Order

LadderHero Terran - Winner!

Build Orders:  

Get SALT Encoding   

  12  0:00  SCV  
  13  0:12  SCV  
  14  0:21  Supply Depot  
  14  0:31  SCV  
  15  0:43  SCV  
  15  0:44  Barracks  
  16  0:55  Refinery  
  16  0:56  SCV  
  17  1:08  SCV  
  18  1:20  SCV  
  19  1:36  Orbital Command  
  19  1:40  Command Center  
  19  1:43  Barracks Reactor  
  19  1:57  Barracks  
  19  2:01  SCV  
  20  2:16  SCV  
  20  2:19  Marine x2  
  23  2:26  Supply Depot  
  23  2:47  Supply Depot  
  23  2:48  SCV  
  23  2:49  Marine, Barracks Tech Lab, Refinery  
  23  2:50  Marine, Factory  
  26  3:00  SCV  
  26  3:02  Orbital Command  
  27  3:11  Stimpack  
  27  3:12  SCV  
  28  3:19  Marine x2  
  29  3:23  Marine  
  29  3:24  SCV  
  32  3:36  SCV x2  
  32  3:37  Marine, Starport  
  32  3:38  Factory Reactor  
  35  3:47  Marine x2  
  35  3:48  SCV  
  38  3:49  SCV  
  39  3:57  Marine  
  39  4:00  SCV  
  41  4:05  Marine  
  41  4:08  SCV  
  43  4:20  Supply Depot  
  43  4:23  Marine x2  
  43  4:24  Marine  
  45  4:26  SCV  
  45  4:27  Medivac x2  
  52  4:31  SCV  
  52  4:34  Factory Tech Lab  
  52  4:37  Supply Depot  
  52  4:41  Marine x2  
  52  4:42  Marine  
  52  4:43  SCV  
  56  4:47  SCV  
  56  4:50  Supply Depot  
  57  4:59  Marine x2  
  59  5:04  Marine  
  59  5:05  Combat Shield  
  60  5:16  Marine  
  60  5:17  Marine, Siege Tank  
  60  5:18  Medivac  
  60  5:19  SCV  
  60  5:20  SCV  
  69  5:22  Marine  
  69  5:26  Refinery  
  70  5:31  SCV  
  71  5:35  Marine  
  71  5:36  Marine  
  71  5:40  Marine  
  71  5:41  Command Center  
  54  5:52  SCV  
  54  5:53  Marine x2, Siege Tank  
  60  5:57  Barracks  
  60  5:58  Marine, Medivac  
  60  6:03  Barracks  
  63  6:11  Marine  
  63  6:13  Marine  
  63  6:16  Marine  
  66  6:22  SCV  
  66  6:23  SCV  
  68  6:25  Siege Tank  
  68  6:29  Marine  
  68  6:31  Marine  
  73  6:33  Marine  
  73  6:34  SCV  
  75  6:40  SCV  
  75  6:46  Barracks Reactor  
  76  6:47  Marine  
  76  6:49  Marine  
  76  6:51  Marine, Engineering Bay x2, Barracks Reactor  
  79  7:05  Marine  
  79  7:07  Marine  
  81  7:09  Siege Tank, Marine  
  81  7:11  SCV x2  
  87  7:22  Marine  
  82  7:24  Marine  
  82  7:27  Marine  
  82  7:28  Marine x2  
  61  7:30  Marine  
  61  7:31  Planetary Fortress  
  61  7:34  Missile Turret x2  
  61  7:36  Marine  
  58  7:37  Medivac  
  58  7:40  Marine  
  58  7:42  Marine  
  62  7:44  SCV  
  62  7:45  Marine  
  62  7:46  Marine x2  
  62  7:48  Marine  
  63  7:53  Marine  
  63  7:58  Marine  
  56  8:00  Marine  
  56  8:02  Marine  
  56  8:04  Marine x2  
  52  8:05  Marine  
  52  8:06  SCV x2  
  52  8:11  Marine, SCV  
  57  8:16  Marine  
  57  8:18  Marine, SCV  
  57  8:19  SCV  
  61  8:20  Marine  
  61  8:22  Marine  
  61  8:23  Terran Infantry Weapons Level 1, SCV  
  61  8:26  Terran Infantry Armor Level 1  
  64  8:30  SCV  
  64  8:31  SCV  
  66  8:35  SCV  
  66  8:38  Marine  
  66  8:39  Medivac  
  70  8:42  SCV  
  71  8:49  Marine  
  71  8:50  Marine, Medivac  
  71  8:51  SCV  
  71  8:54  SCV  
  77  9:04  Marine  
  77  9:05  Marine x4  
  77  9:09  Siege Tank, Medivac, Command Center  
  87  9:12  Marine x2  
  89  9:22  Marine x3  
  92  9:25  Marine x2  
  94  9:35  Marine x2  
  94  9:37  Medivac  
  94  9:39  Medivac  
  94  9:40  Marine x2  
  94  9:41  Siege Tank  
  98  9:46  Marine  
  98  9:47  Marine x2  
  98  9:49  SCV  
  98  9:51  Armory  
  101  10:02  Marine x3, SCV  
  101  10:03  Supply Depot  
  101  10:05  Marine x2, Barracks  
  101  10:06  Marine x2  
  108  10:11  Medivac  
  108  10:13  Siege Tank, SCV  
  115  10:14  SCV  
  115  10:15  Refinery  
  115  10:20  Marine x2  
  117  10:22  Missile Turret  
  117  10:30  Marine x3  
  117  10:31  Planetary Fortress  
  117  10:33  SCV  
  117  10:34  SCV  
  117  10:35  Marine x2  
  124  10:43  Marine x2  
  124  10:45  Siege Tank  
  124  10:48  Marine x3  
  132  10:51  SCV  
  132  10:53  Marine  
  132  10:54  SCV  
  132  10:56  Refinery  
  135  10:58  Marine  
  135  11:01  Marine x2  
  135  11:02  SCV  
  135  11:03  Terran Infantry Weapons Level 2  
  139  11:06  Marine x2, Terran Infantry Armor Level 2  
  139  11:11  Supply Depot  
  141  11:14  Barracks Reactor  
  141  11:15  Supply Depot  
  141  11:18  Marine x2  
  142  11:21  Marine x2  
  142  11:23  Marine  
  143  11:34  Marine x2  
  143  11:36  Marine x2  
  143  11:39  Marine x2  
  148  11:40  Marine  
  149  11:52  Marine x2  
  150  11:54  Marine x2  
  150  11:57  Marine x4  
  150  11:58  Marine  
  157  12:09  Marine  
  157  12:10  Marine, Siege Tank  
  157  12:11  Medivac  
  164  12:18  Marine x2, Supply Depot  
  164  12:19  Medivac, SCV x4  
  172  12:22  Supply Depot  
  171  12:31  SCV  
  170  12:40  Marine  
  170  12:41  Marine x8  
  170  12:42  Supply Depot  
  172  12:58  Marine  
  133  12:59  Marine x3  
  128  13:06  Marine, Supply Depot  
  128  13:07  Marine x4  
  132  13:22  Supply Depot  
  137  13:29  Supply Depot  
Show
View Real Time Build Order
Export as new Build Order

Ravi Zerg - Winner!

Build Orders: Pool First 

Get SALT Encoding   

  12  0:02  Drone  
  13  0:08  Drone  
  14  0:19  Overlord  
  14  0:37  Drone x2  
  14  0:38  Drone  
  17  0:47  Spawning Pool  
  17  0:49  Drone  
  17  1:12  Hatchery  
  17  1:17  Drone x2  
  18  1:20  Drone  
  18  1:24  Extractor  
  18  1:28  Extractor  
  17  1:34  Queen  
  17  1:39  Drone  
  20  1:46  Drone  
  21  1:54  Drone  
  22  2:06  Overlord  
  22  2:24  Metabolic Boost  
  22  2:26  Zergling x6  
  22  2:28  Queen  
  27  2:37  Drone x2  
  29  2:45  Drone x3  
  29  2:46  Drone  
  33  2:54  Roach Warren  
  33  2:57  Drone  
  33  2:58  Drone  
  34  3:29  Drone  
  34  3:30  Overlord x5, Drone  
  36  3:37  Lair  
  36  3:53  Zergling x2  
  36  3:54  Zergling x10  
  41  4:02  Drone x4  
  45  4:12  Spore Crawler  
  45  4:14  Spore Crawler  
  43  4:20  Drone x3  
  46  4:40  Roach x2  
  46  4:44  Glial Reconstitution  
  49  5:07  Queen  
  47  5:22  Roach x7  
  61  5:42  Queen  
  61  5:47  Hatchery  
  61  5:48  Drone x2  
  64  6:09  Drone x2  
  65  6:11  Evolution Chamber  
  65  6:12  Evolution Chamber  
  61  6:29  Roach x8  
  61  6:31  Overlord x2  
  71  6:46  Zergling x4  
  65  6:57  Zergling x2  
  65  6:58  Zergling x2  
  66  7:19  Zerg Missile Weapons Level 1, Zerg Ground Armor Level 1  
  66  7:21  Drone x8  
  74  7:29  Queen  
  76  7:33  Drone  
  76  7:35  Drone x3  
  79  7:44  Zergling x2  
  79  7:45  Zergling x10  
  79  7:49  Burrow  
  70  8:16  Roach x14  
  86  8:31  Drone x3  
  89  8:37  Tunneling Claws  
  89  8:47  Infestation Pit, Hydralisk Den  
  87  8:52  Extractor  
  87  8:54  Extractor  
  85  8:57  Roach x6  
  85  9:00  Overlord x2  
  85  9:01  Overlord x3  
  95  9:05  Extractor  
  95  9:08  Extractor  
  85  9:11  Zergling x12  
  81  9:21  Roach x3  
  62  9:36  Roach x3  
  58  9:41  Drone x3  
  59  9:48  Zerg Missile Weapons Level 2  
  56  9:58  Roach x4  
  61  10:03  Queen  
  63  10:07  Roach x3  
  69  10:20  Roach x3  
  75  11:00  Roach x11  
  75  11:02  Roach x2  
  75  11:03  Roach x13  
  103  11:18  Overlord x2  
  103  11:21  Zergling x8  
  90  11:48  Roach x6  
  90  11:49  Roach x4  
  107  11:59  Extractor  
  106  12:01  Hatchery  
  105  12:16  Drone x3  
  108  12:27  Pneumatized Carapace  
  108  12:31  Zergling x2  
  108  12:32  Zergling x6  
  110  13:00  Drone x6  
  114  13:14  Zergling x6  
  114  13:15  Zergling x4  
Show
View Real Time Build Order
Export as new Build Order

TriangleTom Protoss - Winner!

Build Orders: Phoenix Opening 

Get SALT Encoding   

  12  0:00  Probe  
  13  0:13  Probe  
  14  0:21  Pylon  
  14  0:25  Probe  
  15  0:39  Probe (Chrono Boost)  
  16  0:46  Gateway  
  16  0:52  Probe (Chrono Boost)  
  17  0:57  Assimilator  
  17  1:00  Probe (Chrono Boost)  
  17  1:03  Assimilator  
  18  1:06  Probe  
  19  1:13  Pylon  
  19  1:18  Probe  
  20  1:30  Probe  
  21  1:33  Zealot  
  23  1:42  Probe  
  24  1:49  Cybernetics Core  
  24  1:54  Probe (Chrono Boost)  
  25  2:05  Probe (Chrono Boost)  
  26  2:10  Probe (Chrono Boost)  
  27  2:20  Probe  
  28  2:28  Stargate  
  28  2:31  Stargate  
  28  2:33  Probe  
  29  2:45  Probe  
  30  2:52  Pylon  
  30  2:56  Nexus  
  30  3:13  Probe (Chrono Boost)  
  31  3:20  Protoss Air Weapons Level 1 (Chrono Boost)  
  31  3:23  Probe (Chrono Boost)  
  31  3:24  Pylon  
  32  3:28  Forge, Probe (Chrono Boost)  
  33  3:35  Phoenix  
  33  3:39  Probe  
  33  3:41  Phoenix  
  38  4:18  Phoenix x2  
  42  4:30  Photon Cannon  
  42  4:33  Shield Battery  
  42  4:35  Assimilator  
  42  4:39  Assimilator  
  42  4:41  Fleet Beacon  
  42  4:44  Cybernetics Core  
  42  4:59  Phoenix  
  44  5:16  Phoenix  
  46  5:25  Probe (Chrono Boost)  
  47  5:32  Anion Pulse-Crystals  
  47  5:35  Probe (Chrono Boost)  
  49  5:37  Probe (Chrono Boost)  
  49  5:39  Pylon  
  50  5:44  Probe x2 (Chrono Boost)  
  50  5:49  Probe (Chrono Boost)  
  51  5:51  Probe  
  51  5:54  Photon Cannon, Phoenix  
  55  6:00  Probe  
  55  6:02  Protoss Air Armor Level 1  
  55  6:03  Photon Cannon, Probe  
  57  6:05  Shield Battery  
  57  6:06  Phoenix  
  59  6:26  Phoenix  
  59  6:29  Nexus  
  59  6:31  Phoenix  
  63  6:51  Phoenix  
  65  6:56  Phoenix  
  67  7:20  Probe  
  68  7:23  Probe  
  68  7:27  Pylon  
  68  7:29  Pylon  
  69  7:32  Pylon, Probe  
  69  7:35  Pylon  
  69  7:36  Pylon  
  70  7:37  Pylon  
  70  7:39  Pylon  
  70  7:40  Stargate  
  70  7:41  Probe, Phoenix x2  
  70  7:43  Pylon  
  75  7:44  Probe  
  75  7:45  Pylon  
  76  7:53  Probe  
  76  7:56  Probe  
  76  7:57  Protoss Air Weapons Level 2  
  78  8:05  Probe  
  77  8:06  Phoenix  
  77  8:08  Probe  
  80  8:16  Photon Cannon  
  80  8:18  Photon Cannon  
  80  8:19  Shield Battery, Probe (Chrono Boost)  
  81  8:21  Mothership (Chrono Boost)  
  81  8:22  Shield Battery  
  81  8:25  Probe (Chrono Boost)  
  81  8:26  Assimilator  
  90  8:31  Assimilator  
  92  8:34  Probe (Chrono Boost)  
  92  8:36  Probe (Chrono Boost)  
  92  8:37  Phoenix x2  
  90  9:15  Phoenix x3  
  96  9:40  Phoenix x3  
  96  10:19  Tempest  
  96  10:20  Tempest x2  
  111  10:53  Protoss Air Armor Level 2  
  111  11:02  Tempest  
  111  11:03  Tempest x2  
  126  11:35  Nexus  
  126  11:37  Assimilator  
  126  11:39  Assimilator  
  122  11:42  Pylon  
  122  11:44  Pylon  
  122  11:45  Tempest x2  
  122  11:46  Tempest, Pylon  
  113  12:14  Photon Cannon  
  113  12:15  Photon Cannon x2  
  113  12:17  Photon Cannon  
  113  12:19  Photon Cannon  
  113  12:20  Probe x3  
  113  12:21  Shield Battery, Photon Cannon  
  116  12:23  Shield Battery  
  116  12:25  Tempest x2 (Chrono Boost)  
  126  12:32  Probe x3  
  126  12:35  Stargate x2  
  129  12:37  Stargate  
  127  12:44  Probe x2  
  127  12:45  Probe  
Tags
 
Add a new tag
Caveats
  • Supply blocks, unpowered buildings, or Contaminate may cause inaccurate times.
  • Supply counts are checked every 10 seconds.